DBL
CHARLOTTE KNIGHTS @ CHICAGO CUBS
05/09/1997
 
TOP OF THE 1ST
Charlotte Knights batting - Pitching for Chicago Cubs : LHP Randy Tomlin
Pitching: LHP Randy Tomlin
Batting: SHB Orlando Merced 0-0: Called Strike
0-1: Ground out 4-3 (Groundball, 4M, EV 106.9 MPH)
Batting: LHB Jason Giambi 0-0: Called Strike
0-1: Ball
1-1: Ball
2-1: Ball
3-1: SINGLE (Flyball, 9S, EV 93.8 MPH)
Batting: RHB Shane Mack 0-0: SINGLE (Groundball, 5D, EV 105.0 MPH)
Jason Giambi to second
Batting: RHB Nomar Garciaparra 0-0: Called Strike
0-1: Foul Ball, location: 2F
0-2: Fly out, F8 (Line Drive, 8RD, EV 90.6 MPH)
Batting: SHB David Segui 0-0: Called Strike
0-1: Called Strike
0-2: SINGLE (Groundball, 56D, EV 100.0 MPH)
Jason Giambi to third
Shane Mack to second
Runner from 3rd tries for Home, throw by LF and OUT! 7-2
Top of the 1st over - 0 runs, 3 hits, 0 errors, 2 left on base; Charlotte 0 - Chicago 0
BOTTOM OF THE 1ST
Chicago Cubs batting - Pitching for Charlotte Knights : RHP Erik Hanson
Pitching: RHP Erik Hanson
Batting: RHB Chris Hoiles 0-0: Called Strike
0-1: Swinging Strike
0-2: SOLO HOME RUN (Flyball, 89XD, EV 95.0 MPH), Distance : 386 ft
Batting: LHB Luis Gonzalez 0-0: Swinging Strike
0-1: Ball
1-1: Bunt missed!
1-2: Ball
2-2: Strikes out swinging
Batting: LHB Kent Hrbek 0-0: Called Strike
0-1: Ball
1-1: Ground out 4-3 (Groundball, 4, EV 78.8 MPH)
Batting: RHB Mike Piazza 0-0: Called Strike
0-1: Ball
1-1: Ball
2-1: Foul Ball, location: 2F
2-2: Foul Ball, location: 2F
2-2: Fly out, F7 (Flyball, 78M, EV 90.6 MPH)
Bottom of the 1st over - 1 run, 1 hit, 0 errors, 0 left on base; Charlotte 0 - Chicago 1
TOP OF THE 2ND
Charlotte Knights batting - Pitching for Chicago Cubs : LHP Randy Tomlin
Batting: SHB Carl Everett 0-0: Ball
1-0: Called Strike
1-1: Ground out 5-3 (Groundball, 56, EV 90.0 MPH)
Batting: RHB Chuck Knoblauch 0-0: Swinging Strike
0-1: Called Strike
0-2: Ball
1-2: Ball
2-2: Ball
3-2: Fly out, F8 (Flyball, 8RM, EV 89.4 MPH)
Batting: RHB Tony Batista 0-0: Ball
1-0: Swinging Strike
1-1: Ball
2-1: Ground out 1-3 (Groundball, 15S, EV 63.1 MPH)
Top of the 2nd over - 0 runs, 0 hits, 0 errors, 0 left on base; Charlotte 0 - Chicago 1
BOTTOM OF THE 2ND
Chicago Cubs batting - Pitching for Charlotte Knights : RHP Erik Hanson
Batting: LHB Trot Nixon 0-0: Fly out, F6 (Popup, 56D, EV 51.3 MPH)
Batting: RHB Vinny Castilla 0-0: Ball
1-0: Ball
2-0: Called Strike
2-1: Called Strike
2-2: Foul Ball, location: 2F
2-2: Reached on error, E2 (Groundball, 15S, EV 68.1 MPH)
Batting: LHB Rich Becker 0-0: Foul Ball, location: 2F
0-1: Foul Ball, location: 2F
0-2: Ball
1-2: Fly out, F8 (Flyball, 89D, EV 96.9 MPH)
Batting: LHB Scott Cooper 0-0: Ball
1-0: Ground out 5-3 (Groundball, 5L, EV 86.9 MPH)
Bottom of the 2nd over - 0 runs, 0 hits, 1 error, 1 left on base; Charlotte 0 - Chicago 1
TOP OF THE 3RD
Charlotte Knights batting - Pitching for Chicago Cubs : LHP Randy Tomlin
Batting: RHB Todd Zeile 0-0: Foul Ball, location: 2F
0-1: SOLO HOME RUN (Line Drive, 7D, EV 103.1 MPH), Distance : 392 ft
Batting: SHB Orlando Merced 0-0: Called Strike
0-1: Foul Ball, location: 2F
0-2: Ground out 5-3 (Groundball, 56, EV 87.5 MPH)
Batting: LHB Jason Giambi 0-0: Called Strike
0-1: Fly out, F8 (Flyball, 78S, EV 82.5 MPH)
Batting: RHB Shane Mack 0-0: Hit by Pitch
Batting: RHB Nomar Garciaparra 0-0: Ball
1-0: TRIPLE (Groundball, 5L, EV 109.4 MPH)
Shane Mack scores
Batting: SHB David Segui 0-0: Called Strike
0-1: Fly out, F9 (Flyball, 9, EV 82.5 MPH)
Top of the 3rd over - 2 runs, 2 hits, 0 errors, 1 left on base; Charlotte 2 - Chicago 1
BOTTOM OF THE 3RD
Chicago Cubs batting - Pitching for Charlotte Knights : RHP Erik Hanson
Batting: RHB Jeff Cirillo 0-0: Fly out, F7 (Flyball, 7, EV 78.8 MPH)
Batting: RHB Chris Hoiles 0-0: Ball
1-0: DOUBLE (Flyball, 78XD, EV 94.4 MPH)
Batting: LHB Luis Gonzalez 0-0: Ball
1-0: Ball
2-0: Called Strike
2-1: Called Strike
2-2: SINGLE (Line Drive, 6MD, EV 110.6 MPH)
Chris Hoiles to third
Batting: LHB Kent Hrbek 0-0: Called Strike
0-1: Called Strike
Luis Gonzalez is caught stealing 2nd base 2-6
0-2: Ball
1-2: Foul Ball, location: 2F
1-2: Ball
2-2: Ball
3-2: Fly out, F9 (Flyball, 89XD, EV 107.5 MPH)
Bottom of the 3rd over - 0 runs, 2 hits, 0 errors, 1 left on base; Charlotte 2 - Chicago 1
TOP OF THE 4TH
Charlotte Knights batting - Pitching for Chicago Cubs : LHP Randy Tomlin
Batting: SHB Carl Everett 0-0: Swinging Strike
0-1: Swinging Strike
0-2: Fly out, F4 (Line Drive, 4, EV 68.8 MPH)
Batting: RHB Chuck Knoblauch 0-0: Ball
1-0: Called Strike
1-1: Ground out 1-3 (Groundball, 34S, EV 88.8 MPH)
Batting: RHB Tony Batista 0-0: Fly out, F9 (Flyball, 9D, EV 91.9 MPH)
Top of the 4th over - 0 runs, 0 hits, 0 errors, 0 left on base; Charlotte 2 - Chicago 1
BOTTOM OF THE 4TH
Chicago Cubs batting - Pitching for Charlotte Knights : RHP Erik Hanson
Batting: RHB Mike Piazza 0-0: Called Strike
0-1: Foul Ball, location: 2F
0-2: Foul Ball, location: 2F
0-2: Ball
1-2: Fly out, F8 (Flyball, 8LXD, EV 101.9 MPH)
Batting: LHB Trot Nixon 0-0: Ball
1-0: Ball
2-0: Ball
3-0: Foul Ball, location: 2F
3-1: Foul Ball, location: 2F
3-2: Ground out 6-3 (Groundball, 4M, EV 77.5 MPH)
Batting: RHB Vinny Castilla 0-0: Called Strike
0-1: Ball
1-1: Ball
2-1: Ball
3-1: Foul Ball, location: 2F
3-2: Foul Ball, location: 2F
3-2: Fly out, F3 (Popup, 3L, EV 65.0 MPH)
Bottom of the 4th over - 0 runs, 0 hits, 0 errors, 0 left on base; Charlotte 2 - Chicago 1
TOP OF THE 5TH
Charlotte Knights batting - Pitching for Chicago Cubs : LHP Randy Tomlin
Batting: RHB Todd Zeile 0-0: Called Strike
0-1: Ball
1-1: Swinging Strike
1-2: Strikes out swinging
Batting: SHB Orlando Merced 0-0: Foul Ball, location: 2F
0-1: Called Strike
0-2: Ball
1-2: Ball
2-2: Foul Ball, location: 2F
2-2: SINGLE (Groundball, 4MD, EV 94.4 MPH)
Batting: LHB Jason Giambi 0-0: Ball
1-0: Swinging Strike
1-1: Foul Ball, location: 2F
1-2: Foul Ball, location: 2F
1-2: Ball
2-2: Ball
3-2: Foul Ball, location: 2F
3-2: Foul Ball, location: 2F
3-2: Base on Balls
Orlando Merced to second
Batting: RHB Shane Mack 0-0: SINGLE (Flyball, 9S, EV 83.1 MPH)
Orlando Merced to third
Jason Giambi to second
Runner from 3rd tries for Home, SAFE, throw by RF to home
Batting: RHB Nomar Garciaparra 0-0: Swinging Strike
0-1: Ball
1-1: Fly out, F4 (Flyball, 34D, EV 69.4 MPH)
Batting: SHB David Segui 0-0: Fly out, F9 (Flyball, 9S, EV 86.3 MPH)
Top of the 5th over - 1 run, 2 hits, 0 errors, 2 left on base; Charlotte 3 - Chicago 1
BOTTOM OF THE 5TH
Chicago Cubs batting - Pitching for Charlotte Knights : RHP Erik Hanson
Batting: LHB Rich Becker 0-0: Called Strike
0-1: Foul Ball, location: 2F
0-2: Ground out 6-3 (Groundball, 6, EV 85.0 MPH)
Batting: LHB Scott Cooper 0-0: Foul Ball, location: 2F
0-1: SOLO HOME RUN (Flyball, 89XD, EV 103.1 MPH), Distance : 386 ft
Batting: RHB Jeff Cirillo 0-0: Fly out, F4 (Line Drive, 4, EV 64.4 MPH)
Batting: RHB Chris Hoiles 0-0: Ball
1-0: Fly out, F9 (Flyball, 9, EV 85.6 MPH)
Bottom of the 5th over - 1 run, 1 hit, 0 errors, 0 left on base; Charlotte 3 - Chicago 2
TOP OF THE 6TH
Charlotte Knights batting - Pitching for Chicago Cubs : LHP Randy Tomlin
Batting: SHB Carl Everett 0-0: Ball
1-0: Swinging Strike
1-1: Ball
2-1: Ball
3-1: Swinging Strike
3-2: Foul Ball, location: 2F
3-2: Fly out, F9 (Flyball, 89D, EV 85.6 MPH)
Batting: RHB Chuck Knoblauch 0-0: Ball
1-0: Fly out, F8 (Flyball, 8RM, EV 94.4 MPH)
Batting: RHB Tony Batista 0-0: Ball
1-0: Foul Ball, location: 2F
1-1: Ball
2-1: Ground out 5-3 (Groundball, 5, EV 90.6 MPH)
Top of the 6th over - 0 runs, 0 hits, 0 errors, 0 left on base; Charlotte 3 - Chicago 2
BOTTOM OF THE 6TH
Chicago Cubs batting - Pitching for Charlotte Knights : RHP Erik Hanson
Batting: LHB Luis Gonzalez 0-0: Ball
1-0: TRIPLE (Flyball, 89XD, EV 109.4 MPH)
Batting: LHB Kent Hrbek 0-0: Swinging Strike
0-1: Ground out 1-3 (Groundball, 13S, EV 69.4 MPH)
Batting: RHB Mike Piazza 0-0: Swinging Strike
0-1: Swinging Strike
0-2: Foul Ball, location: 2F
0-2: Ball
1-2: Ball
2-2: Ball
3-2: Strikes out looking
Batting: LHB Trot Nixon 0-0: Fly out, F7 (Line Drive, 7D, EV 85.6 MPH)
Bottom of the 6th over - 0 runs, 1 hit, 0 errors, 1 left on base; Charlotte 3 - Chicago 2
TOP OF THE 7TH
Charlotte Knights batting - Pitching for Chicago Cubs : LHP Randy Tomlin
Batting: RHB Todd Zeile 0-0: Called Strike
0-1: Ground out 6-3 (Groundball, 6, EV 103.1 MPH)
Batting: SHB Orlando Merced 0-0: Fly out, F9 (Flyball, 9D, EV 101.9 MPH)
Batting: LHB Jason Giambi 0-0: SINGLE (Groundball, 4D, EV 106.3 MPH)
Batting: RHB Shane Mack 0-0: Foul Ball, location: 2F
0-1: Fielders Choice at 2nd, 5-4 (Groundball, 56, EV 98.1 MPH)
Top of the 7th over - 0 runs, 1 hit, 0 errors, 1 left on base; Charlotte 3 - Chicago 2
BOTTOM OF THE 7TH
Chicago Cubs batting - Pitching for Charlotte Knights : RHP Erik Hanson
Batting: RHB Vinny Castilla 0-0: Ball
1-0: Ball
2-0: Ball
3-0: SOLO HOME RUN (Flyball, 78XD, EV 97.5 MPH), Distance : 426 ft
Batting: LHB Rich Becker 0-0: Called Strike
0-1: Ball
1-1: Called Strike
1-2: Strikes out looking
Batting: LHB Scott Cooper 0-0: Foul Ball, location: 2F
0-1: Ball
1-1: Ball
2-1: Ball
3-1: Foul Ball, location: 2F
3-2: Foul Ball, location: 2F
3-2: SINGLE (Line Drive, 78S, EV 94.4 MPH)
Batting: RHB Jeff Cirillo 0-0: Called Strike
0-1: Ball
1-1: Ball
2-1: Ball
3-1: Foul Ball, location: 2F
3-2: SINGLE (Line Drive, 6D, EV 95.0 MPH)
Scott Cooper to second
Pitching: RHP Matt Mantei
Pinch Runner at 2nd Derek Bell:
Batting: RHB Chris Hoiles 0-0: Ball
Derek Bell is caught stealing 3rd base 2-5
1-0: Called Strike
1-1: Ball
2-1: Ball
3-1: Called Strike
3-2: Base on Balls
Jeff Cirillo to second
Batting: LHB Luis Gonzalez 0-0: Ball
1-0: Foul Ball, location: 2F
1-1: Ball
2-1: Ball
3-1: Base on Balls
Jeff Cirillo to third
Chris Hoiles to second
Batting: LHB Kent Hrbek 0-0: Called Strike
0-1: Fly out, F7 (Flyball, 7S, EV 90.6 MPH)
Bottom of the 7th over - 1 run, 3 hits, 0 errors, 3 left on base; Charlotte 3 - Chicago 3
TOP OF THE 8TH
Charlotte Knights batting - Pitching for Chicago Cubs : LHP Randy Tomlin
Now at 2B: Randy Velarde
Batting: RHB Nomar Garciaparra 0-0: Ball
1-0: Foul Ball, location: 2F
1-1: Ball
2-1: DOUBLE (Line Drive, 7LM, EV 105.6 MPH)
Batting: SHB David Segui 0-0: Swinging Strike
0-1: Foul Ball, location: 2F
0-2: Ball
1-2: Foul Ball, location: 2F
1-2: Ground out 5-3 (Groundball, 56, EV 102.5 MPH)
Batting: SHB Carl Everett 0-0: Ball
1-0: Called Strike
1-1: Foul Ball, location: 2F
1-2: Foul Ball, location: 2F
1-2: Strikes out swinging
Batting: RHB Chuck Knoblauch 0-0: Foul Ball, location: 2F
0-1: Ground out 5-3 (Groundball, 56, EV 96.3 MPH)
Top of the 8th over - 0 runs, 1 hit, 0 errors, 1 left on base; Charlotte 3 - Chicago 3
BOTTOM OF THE 8TH
Chicago Cubs batting - Pitching for Charlotte Knights : RHP Matt Mantei
Batting: RHB Mike Piazza 0-0: Ball
1-0: Foul Ball, location: 2F
1-1: Swinging Strike
1-2: Fly out, F9 (Line Drive, 9, EV 92.5 MPH)
Batting: LHB Trot Nixon 0-0: Ground out 5-3 (Groundball, 56, EV 89.4 MPH)
Batting: RHB Vinny Castilla 0-0: Ball
1-0: Called Strike
1-1: Foul Ball, location: 2F
1-2: Foul Ball, location: 2F
1-2: SOLO HOME RUN (Flyball, 78XD, EV 98.1 MPH), Distance : 385 ft
Batting: LHB Rich Becker 0-0: Foul Ball, location: 2F
0-1: Ball
1-1: Ball
2-1: SOLO HOME RUN (Flyball, 9D, EV 110.0 MPH), Distance : 377 ft
Batting: RHB Randy Velarde 0-0: Ball
1-0: Called Strike
1-1: Ball
2-1: Called Strike
2-2: Ball
3-2: Base on Balls
Pitching: RHP Todd Worrell
Batting: RHB Jeff Cirillo 0-0: Ball
1-0: Fielders Choice at 2nd, 6-4 (Groundball, 6, EV 100.0 MPH)
Bottom of the 8th over - 2 runs, 2 hits, 0 errors, 1 left on base; Charlotte 3 - Chicago 5
TOP OF THE 9TH
Charlotte Knights batting - Pitching for Chicago Cubs : LHP Randy Tomlin
Pitching: LHP Frank DiPino
Batting: RHB Tony Batista 0-0: Fly out, F8 (Line Drive, 8RM, EV 92.5 MPH)
Batting: RHB Todd Zeile 0-0: Ball
1-0: Foul Ball, location: 2F
1-1: Foul Ball, location: 2F
1-2: Ball
2-2: Fly out, F7 (Flyball, 78S, EV 81.9 MPH)
Batting: SHB Orlando Merced 0-0: Called Strike
0-1: Ball
1-1: Swinging Strike
1-2: Strikes out swinging
Top of the 9th over - 0 runs, 0 hits, 0 errors, 0 left on base; Charlotte 3 - Chicago 5
Friday, February 6th, 2026 - OOTP Baseball 20.8 Build 74